TOP OF THE 1ST |
Tijuana Toros batting - Pitching for Victoria Capitals : RHP Terry Jeffrey
|
Pitching: RHP Terry Jeffrey
|
|
Batting: RHB Carlos Gonzalez
|
0-0: Ground out 5-3 (Groundball, 56S, EV 86.2 MPH)
|
Batting: RHB Adam Maczko
|
0-0: Foul Ball, location: 2F 0-1: Ball 1-1: Called Strike 1-2: Ball 2-2: Ball 3-2: Foul Ball, location: 2F 3-2: Ground out 6-3 (Groundball, 6, EV 81.2 MPH)
|
Batting: RHB John Hanson
|
0-0: Foul Ball, location: 2F 0-1: Ball 1-1: Called Strike 1-2: SINGLE (Groundball, 6D, EV 105.6 MPH)
|
Batting: RHB Felipe Rivera
|
0-0: Foul Ball, location: 2F 0-1: Ball 1-1: Swinging Strike 1-2: Ball 2-2: Ball 3-2: Foul Ball, location: 2F 3-2: Strikes out looking
|
Top of the 1st over - 0 runs, 1 hit, 0 errors, 1 left on base; Tijuana 0 - Victoria 0 |
BOTTOM OF THE 1ST |
Victoria Capitals batting - Pitching for Tijuana Toros : RHP Zach Clausen
|
Pitching: RHP Zach Clausen
|
|
Batting: SHB Dave Reynoso
|
0-0: Ball 1-0: Foul Ball, location: 2F 1-1: Foul Ball, location: 2F 1-2: Strikes out swinging
|
Batting: RHB Jose Zuniga
|
0-0: Ball 1-0: Ball 2-0: Ball 3-0: Base on Balls
|
Batting: RHB Tze-meng Li
|
0-0: Called Strike 0-1: Called Strike 0-2: Strikes out swinging
|
Batting: LHB William Gonzales
|
0-0: Foul Ball, location: 2F 0-1: Swinging Strike 0-2: Ball 1-2: Strikes out swinging
|
Bottom of the 1st over - 0 runs, 0 hits, 0 errors, 1 left on base; Tijuana 0 - Victoria 0 |
TOP OF THE 2ND |
Tijuana Toros batting - Pitching for Victoria Capitals : RHP Terry Jeffrey
|
Batting: RHB Yok-sing Zhào
|
0-0: Called Strike 0-1: Called Strike 0-2: Ball 1-2: Ball 2-2: Foul Ball, location: 2F 2-2: Strikes out looking
|
Batting: RHB Alex Diaz
|
0-0: Ball 1-0: Called Strike 1-1: Foul Ball, location: 2F 1-2: Strikes out looking
|
Batting: SHB Erick Hamburger
|
0-0: Swinging Strike 0-1: Ball 1-1: Swinging Strike 1-2: Ball 2-2: Strikes out looking
|
Top of the 2nd over - 0 runs, 0 hits, 0 errors, 0 left on base; Tijuana 0 - Victoria 0 |
BOTTOM OF THE 2ND |
Victoria Capitals batting - Pitching for Tijuana Toros : RHP Zach Clausen
|
Batting: RHB Antonio Oyola
|
0-0: Swinging Strike 0-1: SOLO HOME RUN (Flyball, 78XD, EV 98.8 MPH), Distance : 390 ft
|
Batting: RHB Jwahir Pili
|
0-0: Ball 1-0: Foul Ball, location: 2F 1-1: Foul Ball, location: 2F 1-2: Strikes out swinging
|
Batting: RHB Rich Griffith
|
0-0: Foul Ball, location: 2F 0-1: Swinging Strike 0-2: Fly out, F4 (Popup, 23, EV 93.1 MPH)
|
Batting: RHB Joaquin Salazar
|
0-0: Called Strike 0-1: Ball 1-1: Ground out U3 (Groundball, 34S, EV 87.5 MPH)
|
Bottom of the 2nd over - 1 run, 1 hit, 0 errors, 0 left on base; Tijuana 0 - Victoria 1 |
TOP OF THE 3RD |
Tijuana Toros batting - Pitching for Victoria Capitals : RHP Terry Jeffrey
|
Batting: RHB Mario Diaz
|
0-0: Fly out, F9 (Flyball, 9, EV 88.8 MPH)
|
Batting: RHB Guillermo Puente
|
0-0: Fly out, F4 (Flyball, 34D, EV 83.8 MPH)
|
Batting: RHB Carlos Gonzalez
|
0-0: Called Strike 0-1: Ball 1-1: Ball 2-1: Ball 3-1: Swinging Strike 3-2: Foul Ball, location: 2F 3-2: Foul Ball, location: 2F 3-2: Strikes out swinging
|
Top of the 3rd over - 0 runs, 0 hits, 0 errors, 0 left on base; Tijuana 0 - Victoria 1 |
BOTTOM OF THE 3RD |
Victoria Capitals batting - Pitching for Tijuana Toros : RHP Zach Clausen
|
Batting: RHB Rowan Prince
|
0-0: Ball 1-0: Fly out, F8 (Flyball, 8LD, EV 108.1 MPH)
|
Batting: SHB Dave Reynoso
|
0-0: Ball 1-0: Ball 2-0: Ball 3-0: Called Strike 3-1: Swinging Strike 3-2: Foul Ball, location: 2F 3-2: Fly out, F7 (Flyball, 78M, EV 86.9 MPH)
|
Batting: RHB Jose Zuniga
|
0-0: Ball 1-0: Called Strike 1-1: Ball 2-1: Ground out 4-3 (Groundball, 4, EV 89.4 MPH)
|
Bottom of the 3rd over - 0 runs, 0 hits, 0 errors, 0 left on base; Tijuana 0 - Victoria 1 |
TOP OF THE 4TH |
Tijuana Toros batting - Pitching for Victoria Capitals : RHP Terry Jeffrey
|
Batting: RHB Adam Maczko
|
0-0: Called Strike 0-1: Foul Ball, location: 2F 0-2: Ball 1-2: Foul Ball, location: 2F 1-2: Ball 2-2: Foul Ball, location: 2F 2-2: Ball 3-2: Base on Balls
|
Batting: RHB John Hanson
|
0-0: Ball 1-0: Foul Ball, location: 2F 1-1: Ball 2-1: Called Strike 2-2: Fly out, F8 (Flyball, 89D, EV 91.2 MPH)
|
Batting: RHB Felipe Rivera
|
0-0: Grounds into double play, 1-4-3 (Groundball, P, EV 74.4 MPH)
|
Top of the 4th over - 0 runs, 0 hits, 0 errors, 0 left on base; Tijuana 0 - Victoria 1 |
BOTTOM OF THE 4TH |
Victoria Capitals batting - Pitching for Tijuana Toros : RHP Zach Clausen
|
Batting: RHB Tze-meng Li
|
0-0: Called Strike 0-1: Ground out 5-3 (Groundball, 56S, EV 70.0 MPH)
|
Batting: LHB William Gonzales
|
0-0: Ball 1-0: Foul Ball, location: 2F 1-1: Foul Ball, location: 2F 1-2: Foul Ball, location: 2F 1-2: Ball 2-2: Foul Ball, location: 2F 2-2: Fly out, F7 (Flyball, 78M, EV 75.6 MPH)
|
Batting: RHB Antonio Oyola
|
0-0: Ball 1-0: Called Strike 1-1: Ball 2-1: Ground out 5-3 (Groundball, 15, EV 86.9 MPH)
|
Bottom of the 4th over - 0 runs, 0 hits, 0 errors, 0 left on base; Tijuana 0 - Victoria 1 |
TOP OF THE 5TH |
Tijuana Toros batting - Pitching for Victoria Capitals : RHP Terry Jeffrey
|
Batting: RHB Yok-sing Zhào
|
0-0: SINGLE (Groundball, 3S, EV 73.1 MPH) (infield hit)
|
Batting: RHB Alex Diaz
|
0-0: Called Strike 0-1: Ball 1-1: Ball Yok-sing Zhào is caught stealing 2nd base 2-4 2-1: Ball 3-1: Swinging Strike 3-2: SINGLE (Line Drive, 56D, EV 104.4 MPH)
|
Batting: SHB Erick Hamburger
|
0-0: Ball 1-0: Called Strike 1-1: Ball 2-1: Grounds into double play, 4-6-3 (Groundball, 13, EV 86.2 MPH)
|
Top of the 5th over - 0 runs, 2 hits, 0 errors, 0 left on base; Tijuana 0 - Victoria 1 |
BOTTOM OF THE 5TH |
Victoria Capitals batting - Pitching for Tijuana Toros : RHP Zach Clausen
|
Batting: RHB Jwahir Pili
|
0-0: Foul Ball, location: 2F 0-1: Foul Ball, location: 2F 0-2: Ball 1-2: Ball 2-2: Strikes out swinging
|
Batting: RHB Rich Griffith
|
0-0: Called Strike 0-1: Ground out 4-3 (Groundball, 4, EV 83.1 MPH)
|
Batting: RHB Joaquin Salazar
|
0-0: Swinging Strike 0-1: Called Strike 0-2: Strikes out looking
|
Bottom of the 5th over - 0 runs, 0 hits, 0 errors, 0 left on base; Tijuana 0 - Victoria 1 |
TOP OF THE 6TH |
Tijuana Toros batting - Pitching for Victoria Capitals : RHP Terry Jeffrey
|
Batting: RHB Mario Diaz
|
0-0: Called Strike 0-1: Foul Ball, location: 2F 0-2: Strikes out swinging
|
Batting: RHB Guillermo Puente
|
0-0: Called Strike 0-1: Swinging Strike 0-2: Ball 1-2: Strikes out swinging
|
Batting: RHB Carlos Gonzalez
|
0-0: Called Strike 0-1: Fly out, F8 (Flyball, 89M, EV 92.5 MPH)
|
Top of the 6th over - 0 runs, 0 hits, 0 errors, 0 left on base; Tijuana 0 - Victoria 1 |
BOTTOM OF THE 6TH |
Victoria Capitals batting - Pitching for Tijuana Toros : RHP Zach Clausen
|
Batting: RHB Rowan Prince
|
0-0: Ball 1-0: Called Strike 1-1: Swinging Strike 1-2: Strikes out swinging, 2-3 out at first.
|
Batting: SHB Dave Reynoso
|
0-0: Foul Ball, location: 2F 0-1: Foul Ball, location: 2F 0-2: Ball 1-2: Ball 2-2: Ball 3-2: Foul Ball, location: 2F 3-2: Foul Ball, location: 2F 3-2: SINGLE (Groundball, 4S, EV 69.4 MPH) (infield hit)
|
Batting: RHB Jose Zuniga
|
0-0: Ball 1-0: Foul Ball, location: 2F 1-1: Swinging Strike 1-2: Foul Ball, location: 2F 1-2: Fly out, F8 (Flyball, 89M, EV 95.6 MPH)
|
Batting: RHB Tze-meng Li
|
0-0: Foul Ball, location: 2F 0-1: Foul Ball, location: 2F 0-2: Ball 1-2: Ball Wild Pitch! Dave Reynoso to second 2-2: Ball 3-2: Base on Balls
|
Batting: LHB William Gonzales
|
0-0: Called Strike 0-1: Foul Ball, location: 2F 0-2: Foul Ball, location: 2F 0-2: Strikes out swinging
|
Bottom of the 6th over - 0 runs, 1 hit, 0 errors, 2 left on base; Tijuana 0 - Victoria 1 |
TOP OF THE 7TH |
Tijuana Toros batting - Pitching for Victoria Capitals : RHP Terry Jeffrey
|
Pitching: RHP Daniel Villalobos
|
|
Now at 1B: Kevin Harris
|
|
Batting: RHB Adam Maczko
|
0-0: Foul Ball, location: 2F 0-1: SINGLE (Line Drive, 9S, EV 93.1 MPH)
|
Batting: RHB John Hanson
|
0-0: Grounds into double play, 6-4-3 (Groundball, 6S, EV 81.9 MPH)
|
Pinch Hitting: LHB Jose Diaz
|
0-0: Called Strike 0-1: Ball 1-1: Foul Ball, location: 2F 1-2: Ball 2-2: Strikes out swinging
|
Top of the 7th over - 0 runs, 1 hit, 0 errors, 0 left on base; Tijuana 0 - Victoria 1 |
BOTTOM OF THE 7TH |
Victoria Capitals batting - Pitching for Tijuana Toros : RHP Zach Clausen
|
Now at 3B: Jose Diaz
|
|
Batting: RHB Antonio Oyola
|
0-0: Swinging Strike 0-1: Swinging Strike 0-2: Ball 1-2: Foul Ball, location: 2F 1-2: Ball 2-2: SOLO HOME RUN (Flyball, 7D, EV 94.4 MPH), Distance : 350 ft
|
Batting: RHB Jwahir Pili
|
0-0: Ground out 6-3 (Groundball, 6, EV 107.5 MPH)
|
Batting: RHB Rich Griffith
|
0-0: Called Strike 0-1: Called Strike 0-2: Ball 1-2: Strikes out swinging
|
Batting: RHB Joaquin Salazar
|
0-0: Swinging Strike 0-1: Called Strike 0-2: Strikes out swinging
|
Bottom of the 7th over - 1 run, 1 hit, 0 errors, 0 left on base; Tijuana 0 - Victoria 2 |
TOP OF THE 8TH |
Tijuana Toros batting - Pitching for Victoria Capitals : RHP Daniel Villalobos
|
Pinch Hitting: SHB Javy Franco
|
0-0: Foul Ball, location: 2F 0-1: Foul Ball, location: 2F 0-2: Ball 1-2: Fly out, F7 (Flyball, 7, EV 80.0 MPH)
|
Pinch Hitting: RHB Djoka Subasic
|
0-0: Called Strike 0-1: Called Strike 0-2: Ball 1-2: Fly out, F8 (Line Drive, 78M, EV 88.8 MPH)
|
Pinch Hitting: RHB Guo Kwok
|
0-0: Called Strike 0-1: Foul Ball, location: 2F 0-2: Ball 1-2: Strikes out looking
|
Top of the 8th over - 0 runs, 0 hits, 0 errors, 0 left on base; Tijuana 0 - Victoria 2 |
BOTTOM OF THE 8TH |
Victoria Capitals batting - Pitching for Tijuana Toros : RHP Zach Clausen
|
Now at 2B: Javy Franco
|
|
Now at SS: Mario Diaz
|
|
Now in LF: Pedro Garza
|
|
Now in RF: Tan-ming Kwan
|
|
Batting: RHB Rowan Prince
|
0-0: SINGLE (Groundball, 56D, EV 95.0 MPH)
|
Batting: SHB Dave Reynoso
|
0-0: Sac Bunt to 13 - play at first, batter OUT! 1-3 Rowan Prince to second
|
Pitching: RHP Bobby Altamirano
|
|
Batting: RHB Jose Zuniga
|
0-0: Swinging Strike 0-1: Foul Ball, location: 2F 0-2: Foul Ball, location: 2F 0-2: Ball 1-2: Foul Ball, location: 2F 1-2: Strikes out swinging
|
Batting: RHB Tze-meng Li
|
0-0: Foul Ball, location: 2F 0-1: Ball 1-1: Ball 2-1: Ball 3-1: Base on Balls
|
Batting: RHB Kevin Harris
|
0-0: Ball 1-0: Ball 2-0: Called Strike 2-1: Foul Ball, location: 2F 2-2: Strikes out swinging
|
Bottom of the 8th over - 0 runs, 1 hit, 0 errors, 2 left on base; Tijuana 0 - Victoria 2 |
TOP OF THE 9TH |
Tijuana Toros batting - Pitching for Victoria Capitals : RHP Daniel Villalobos
|
Pitching: RHP Dave Williams
|
|
Pinch Hitting: SHB Alex Noval
|
0-0: Foul Ball, location: 2F 0-1: Ball 1-1: Ball 2-1: Ball 3-1: Base on Balls
|
Pinch Hitting: RHB Tony Vasquez
|
0-0: Called Strike 0-1: Foul Ball, location: 2F 0-2: Ball 1-2: Foul Ball, location: 2F 1-2: Fly out, F4 (Line Drive, 4, EV 68.8 MPH)
|
Batting: RHB Carlos Gonzalez
|
0-0: Ball 1-0: Fly out, F7 (Flyball, 7LMF, EV 83.8 MPH)
|
Batting: RHB Adam Maczko
|
0-0: Ball 1-0: Ball 2-0: Swinging Strike 2-1: DOUBLE (Flyball, 89XD, EV 101.9 MPH) Alex Noval to third
|
Batting: RHB John Hanson
|
0-0: Foul Ball, location: 2F 0-1: Ball 1-1: Ball 2-1: Ground out 6-3 (Groundball, 6S, EV 83.8 MPH)
|
Top of the 9th over - 0 runs, 1 hit, 0 errors, 2 left on base; Tijuana 0 - Victoria 2 |
|